 Dungeon Crawl Stone Soup version 0.30-a0-626-gd6a5dd7a1f (webtiles) character file.

Game seed: 10118518177212476393

821 Newt the Skirmisher (level 8, 0/44 HPs)
             Began as a Kobold Hunter on Jan 11, 2023.
             Was an Initiate of Gozag.
             Slain by a black bear (6 damage)
             ... on level 6 of the Dungeon.
             The game lasted 00:05:14 (4670 turns).

Newt the Skirmisher (Kobold Hunter)                 Turns: 4670, Time: 00:05:14

Health: 0/44       AC:  3    Str:  8    XL:     8   Next: 16%
Magic:  15/15      EV: 14    Int: 10    God:    Gozag
Gold:   386        SH:  0    Dex: 21    Spells: 11/17 levels left

rFire   . . .      SeeInvis .    s - +4 sling of Quick Death {heavy, Will+}
rCold   . . .      Faith    .    (no shield)
rNeg    + . .      Spirit   .    c - +0 leather armour
rPois   .          Reflect  .    l - +0 hat
rElec   .          Harm     .    (no cloak)
rCorr   .          Rampage  .    (no gloves)
Will    +....                    (no boots)
Stlth   +++                      (no amulet)
HPRegen 0.27/turn                d - ring of wizardry
MPRegen 0.14/turn                e - ring of positive energy

@: no status effects
A: small, no large weapons, nightstalker 3
a: Renounce Religion, Potion Petition, Call Merchant, Bribe Branch


You were on level 6 of the Dungeon.
You worshipped Gozag.
Gozag was aware of your devotion.
You visited 2 branches of the dungeon, and saw 7 of its levels.
You also visited: Sewer.

You collected 501 gold pieces.
You paid 115 gold pieces to Gozag.

Inventory:

Hand Weapons
 a - a +0 shortbow
 s - the +4 sling of Quick Death (weapon) {heavy, Will+}
   (You found it on level 4 of the Dungeon)

   Will:      It increases your willpower.
Armour
 c - a +0 leather armour (worn)
 l - a +0 hat (worn)
Jewellery
 d - a ring of wizardry (left hand)
 e - a ring of positive energy (right hand)
Wands
 j - a wand of mindburst (13)
Scrolls
 b - 2 scrolls of immolation
 k - 2 scrolls of fog
 m - a scroll of enchant armour
 o - 2 scrolls of teleportation
 r - a scroll of blinking
 u - a scroll of vulnerability {unknown}
 v - a scroll of torment {unknown}
 x - a scroll of enchant weapon {unknown}
Potions
 f - a potion of flight
 g - a potion of berserk rage
 h - 2 potions of heal wounds
 i - 2 potions of curing {unknown}
 n - a potion of ambrosia
 p - a potion of degeneration
 q - a potion of invisibility {unknown}
 t - a potion of attraction {unknown}
 w - a potion of resistance {unknown}


   Skills:
 - Level 2.1 Fighting
 - Level 8.0 Ranged Weapons
 - Level 2.4 Dodging
 - Level 3.0 Stealth
 - Level 5.0 Spellcasting
 + Level 4.5 Poison Magic


You had 11 spell levels left.
You knew the following spells:

 Your Spells              Type           Power      Damage    Failure   Level
a - Poisonous Vapours     Pois/Air       14%        N/A       9%          2
b - Olgreb's Toxic Radia  Pois           11%        N/A       21%         4

Your spell library contained the following spells:

 Spells                   Type           Power      Damage    Failure   Level
 Sting                    Tmut/Pois      28%        1d4       5%          1
 Kindle Blastsparks       Fire/Tloc/Air  4%         2d10      36%         3
 Summon Guardian Golem    Hex/Summ       2%         N/A       36%         3
 Fulminant Prism          Conj/Hex       1%         3d5       75%         4
 Iskenderun's Mystic Bla  Conj/Tloc      2%         2d3       75%         4
 Lee's Rapid Deconstruct  Erth           1%         3d4*      97%         5
 Orb of Destruction       Conj           1%         9d5       100%        7
 Spellforged Servitor     Conj/Summ      1%         N/A       100%        7


Dungeon Overview and Level Annotations

Branches:
Dungeon (6/15)             Temple (1/1) D:4           Sewer (visited)

Altars:
Ashenzari
Cheibriados
Dithmenos
Elyvilon
Fedhas
Gozag
Kikubaaqudgha
Makhleb
Nemelex Xobeh
Okawaru
Qazlal
Ru
Sif Muna
Trog
Uskayaw
Wu Jian
Zin
The Shining One

Shops:
D:2 [


Innate Abilities, Weirdness & Mutations

You are small and have problems with some larger weapons.
You are completely attuned to the shadows.


Message History

The orc cheers repeatedly.
No target in view!
Okay, then.
A black bear comes into view.
You shoot a sling bullet. The sling bullet hits the orc!
You kill the orc!
You shoot a sling bullet. The sling bullet hits the black bear!
The black bear is heavily wounded.
The black bear bites you.
The black bear claws you but does no damage. x2
You shoot a sling bullet. The sling bullet hits the black bear.
The black bear is severely wounded.
You hear a shout!
The black bear bites you.
The black bear claws you but does no damage.
The black bear closely misses you.
The black bear bites you but does no damage.
The black bear claws you but does no damage.
The black bear claws you.
You shoot a sling bullet.
The sling bullet hits the black bear but does no damage.
The black bear is severely wounded.
The black bear bites you but does no damage.
The black bear barely misses you. The black bear claws you.
An ogre comes into view. It is wielding a +0 giant club.
You shoot a sling bullet. The sling bullet hits the black bear.
The black bear is almost dead.
The black bear goes berserk!
The black bear bites you. The black bear claws you.
The black bear barely misses you.
You shoot a sling bullet.
The sling bullet barely misses the black bear.
The black bear barely misses you.
The black bear claws you but does no damage.
The black bear claws you. The black bear bites you!
* * * LOW HITPOINT WARNING * * *
The black bear claws you.
* * * LOW HITPOINT WARNING * * *
The black bear claws you.
You die...
Your body crumbles into a pile of gold.

....<####
........#
.....##.# ##
#####...###..
#..#..#..# $
#.###...## $
#..#..#..#
##....h...
##.#@###.
...$O$...
..#..#..#
.###...## $
..#... .# $


You could see a black bear (berserk) and an ogre.

Vanquished Creatures
  A water moccasin (Sewer)
  An ice beast (D:5)
  2 phantoms
  Blork the orc (D:6)
  A necrophage (D:4)
  A scorpion (D:5)
  A howler monkey (D:6)
  A jelly (D:5)
  A hound (D:5)
  An iguana (D:5)
  7 adders
  4 worms (D:3)
  2 dart slugs (D:1)
  7 orcs
  9 ball pythons
  10 endoplasms
  3 giant cockroaches
  7 goblins
  6 hobgoblins
  3 quokkas
  15 bats
  A frilled lizard (D:3)
  10 kobolds
  9 rats
104 creatures vanquished.

Notes
Turn   | Place    | Note
-------+----------+-------------------------------------------
     0 | D:1      | Newt the Kobold Hunter began the quest for the Orb.
     0 | D:1      | Reached XP level 1. HP: 12/12 MP: 1/1
    48 | D:1      | Reached XP level 2. HP: 17/17 MP: 2/2
   275 | D:1      | Reached XP level 3. HP: 21/21 MP: 3/3
   346 | D:1      | Reached skill level 6 in Ranged Weapons
  1002 | D:2      | Reached XP level 4. HP: 26/26 MP: 4/4
  1216 | D:2      | Found a faded altar of an unknown god.
  1281 | D:2      | Found Qichizxi's Armour Emporium.
  1688 | D:3      | Reached skill level 7 in Ranged Weapons
  1689 | D:3      | Found a glowing drain.
  1702 | Sewer    | Entered a sewer
  1749 | Sewer    | Noticed a water moccasin
  1752 | Sewer    | Killed a water moccasin
  1753 | Sewer    | Reached skill level 8 in Ranged Weapons
  1753 | Sewer    | Reached skill level 1 in Spellcasting
  1753 | Sewer    | Reached XP level 5. HP: 27/30 MP: 4/7
  2011 | D:3      | Reached XP level 6. HP: 35/35 MP: 7/9
  2616 | D:3      | Found a shimmering blue altar of Sif Muna.
  3097 | D:4      | Learned a level 2 spell: Poisonous Vapours
  3127 | D:4      | Found a staircase to the Ecumenical Temple.
  3133 | Temple   | Entered the Ecumenical Temple
  3380 | Temple   | Became a worshipper of Gozag Ym Sagoz the Greedy
  3465 | D:4      | Identified the +4 sling of Quick Death {heavy, Will+}
  3482 | D:4      | Reached XP level 7. HP: 40/40 MP: 11/13
  3903 | D:5      | Entered Level 5 of the Dungeon
  4011 | D:5      | Reached skill level 5 in Spellcasting
  4016 | D:5      | Learned a level 4 spell: Olgreb's Toxic Radiance
  4166 | D:5      | Reached skill level 1 in Poison Magic
  4466 | D:5      | Reached XP level 8. HP: 44/44 MP: 15/15
  4657 | D:6      | Noticed Blork the orc
  4661 | D:6      | Killed Blork the orc
  4670 | D:6      | Slain by a black bear

Illustrated notes

Levels and vault maps discovered:
D:1:      roderic_dead_forest, layout_loops_ring
D:2:      layout_loops_ring, nicolae_ecumenical_lake_church, serial_shops, shop
D:3:      minmay_door_path, layout_loops_ring, marbit_many_paths,
          gup_sewer_entry_bubbles
D:4:      layout_basic, lemuel_temple_firewalk_a
D:5:      layout_loops_ring
D:6:      layout_basic, ebering_dispersal_statue_hall, minmay_strange_pillars,
          uniq_blork_the_orc, uniq_menkaure, uniq_edmund
Temple:   nicolae_temple_bog_church

Skill      XL: |  1  2  3  4  5  6  7  8 |
---------------+-------------------------+-----
Stealth        | 2 3 |  3.0
Ranged Weapons | 6 8 |  8.0
Spellcasting   | 1 2 4 5 |  5.0
Poison Magic   | 3 4 |  4.5
Fighting       | |  2.1
Dodging        | |  2.4

Action                   |  1- 3 |  4- 6 |  7- 9 || total
-------------------------+-------+-------+-------++-------
 Fire: Shortbow          |    79 |   137 |       ||   216
       Sling             |       |     2 |    52 ||    54
 Cast: Poisonous Vapours |       |       |     3 ||     3
  Use: Scroll            |     2 |     6 |     1 ||     9
Armor: Leather armour    |     9 |    20 |    13 ||    42
Dodge: Dodged            |    32 |    61 |    28 ||   121

Table legend: (Time is in decaauts)
 A = Elapsed time spent in this place.
 B = Non-inter-level travel time spent in this place.
 C = Inter-level travel time spent in this place.
 D = Time resting spent in this place.
 E = Time spent auto-exploring this place.
 F = Levels seen in this place.
 G = Mean time per level.
                   A        B        C        D        E       F      G
               +--------+--------+--------+--------+--------+-----+--------+
         Total |   4787 |   4588 |    199 |      0 |   3930 |   8 |  598.4 |
       Dungeon |   4366 |   4210 |    156 |      0 |   3613 |   6 |  727.7 |
        Temple |    281 |    238 |     43 |      0 |    223 |   1 |  281.0 |
         Sewer |    139 |    139 |      0 |      0 |     94 |   1 |  139.0 |
               +--------+--------+--------+--------+--------+-----+--------+

Top non-repeatable levels by time:
     D:3: 1067 daAuts
     D:2: 956 daAuts
     D:4: 872 daAuts
     D:5: 755 daAuts
     D:1: 681 daAuts
  Temple: 281 daAuts
   Sewer: 139 daAuts
     D:6: 34 daAuts
